 Dungeon Crawl Stone Soup version 0.30.1-4-g462c640d31 (webtiles) character file.

Game seed: 7287188450330931074

17692 wingedge the Cleaver (level 13, -5/113 HPs)
             Began as a Meteoran Berserker on Aug 29, 2023.
             Was a Priest of Trog.
             Slain by Eli's ghost (18 damage)
             ... on level 11 of the Dungeon.
             The game lasted 01:01:00 (5616 turns).

wingedge the Cleaver (Meteoran Berserker)           Turns: 5616, Time: 01:01:01

Health: -5/113     AC: 24    Str: 24    XL:     13   Next: 16%
Magic:  14/14      EV: 10    Int:  9    God:    Trog [***...]
Gold:   300        SH: 11    Dex: 17    Spells: 12/12 levels left

rFire   + + .        a - +2 broad axe (protect)
rCold   + . .        Q - +0 buckler {rF+}
rNeg    . . .        n - +0 plate armour
rPois   +            F - +0 helmet
rElec   .            (no cloak)
rCorr   .            O - +0 pair of gloves
SInv    .            (no boots)
Will    ++++.        j - amulet of reflection Stlth
                     L - ring of willpower
HPRegen 1.38/turn    b - ring of the Messenger {Contam rPois rF+ rC+ Dex+3}
MPRegen 0.14/turn

%: reflection
@: strong-willed, under a protective aura, on berserk cooldown, regenerating,
hasted, glowing, very quick
A: sense surroundings 2, otherworldly, glowing, explore regen
a: Renounce Religion, Berserk, Trog's Hand


You were on level 11 of the Dungeon.
You worshipped Trog.
Trog was most pleased with you.
You visited 1 branch of the dungeon, and saw 11 of its levels.
You also visited: Ice Cave.

You collected 625 gold pieces.
You spent 325 gold pieces at shops.

Inventory:

Hand Weapons
 a - a +2 broad axe of protection (weapon)
Missiles
 o - a silver boomerang
 v - 4 curare-tipped darts (quivered)
Armour
 n - a +0 plate armour (worn)
 F - a +0 helmet (worn)
 O - a +0 pair of gloves (worn)
 Q - a +0 buckler of fire resistance (worn)
Jewellery
 b - the ring of the Messenger (right hand) {Contam rPois rF+ rC+ Dex+3}
   (You found it in an ice cave)

   [ring of protection from cold]

   Dex:       It affects your dexterity (+3).
   rF:        It protects you from fire.
   rC:        It protects you from cold.
   rPois:     It protects you from poison.
   Contam:    It causes magical contamination when unequipped.
 j - an amulet of reflection (around neck)
 s - a ring of see invisible
 L - a ring of willpower (left hand)
 P - the ring of Wu Jian's Displeasure {EV+5 Dex+2}
   (You bought it in a shop on level 9 of the Dungeon)

   [ring of evasion]

   EV:        It affects your evasion (+5).
   Dex:       It affects your dexterity (+2).
Wands
 K - a wand of digging (8)
 N - a wand of polymorph (8)
Scrolls
 d - 3 scrolls of vulnerability
 k - 3 scrolls of teleportation
 l - a scroll of silence
 r - 2 scrolls of magic mapping
 y - 2 scrolls of fear
 C - 3 scrolls of blinking
 I - a scroll of noise {unknown}
 J - a scroll of acquirement {unknown}
 M - 2 scrolls of enchant armour {unknown}
 R - 2 scrolls of fog {unknown}
Potions
 c - a potion of invisibility {unknown}
 f - 2 potions of heal wounds
 h - 2 potions of cancellation
 t - a potion of degeneration {unknown}
 w - 4 potions of might {unknown}
 A - 3 potions of attraction {unknown}
 B - 5 potions of curing {unknown}
 E - 3 potions of mutation
 G - a potion of magic {unknown}
 S - 2 potions of flight {unknown}


   Skills:
 + Level 10.2 Fighting
 - Level 2.0 Short Blades
 * Level 14.2 Axes
 + Level 9.3 Throwing
 + Level 10.6 Armour
 + Level 7.6 Dodging
 + Level 5.6 Shields


You had 12 spell levels left.
You didn't know any spells.
Your spell library was empty.

Dungeon Overview and Level Annotations

Branches:
Dungeon (11/15) Zot: 1473  Temple (0/1) D:7            Lair (0/5) D:9
  IceCv (visited)
    Orc: D:9-12

Altars:
Ashenzari
Dithmenos
Gozag
Qazlal

Shops:
D:9 *

Annotations:
D:11 Eli's ghost, journeyman TeCj


Innate Abilities, Weirdness & Mutations

You passively map the area around you.
You are easily found by Zot.
You glow in the dark.
You regain HP and MP as you explore.


Message History

You barely miss the komodo dragon. You miss Eli's ghost.
The acid dragon changes into a swamp drake!
Your two-headed ogre completely misses Eli's ghost. x2
You hit the cacodemon but do no damage.
The cacodemon is moderately wounded.
You hit the komodo dragon. You barely miss Eli's ghost.
You block the komodo dragon's attack.
Eli's ghost gestures at you while chanting.
The magic dart hits you!
The cacodemon hits you but does no damage. x2
The neqoxec is engulfed in mutagenic fog.
The neqoxec twists and deforms.
Your two-headed ogre hits Eli's ghost with a +0 giant club!!
Your two-headed ogre closely misses Eli's ghost.
You hit the cacodemon but do no damage.
The cacodemon is moderately wounded.
You miss Eli's ghost. You hit the komodo dragon.
The komodo dragon bites you but does no damage.
You slash the cacodemon!
The cacodemon is moderately wounded.
You hit the komodo dragon. You barely miss Eli's ghost.
The neqoxec is engulfed in mutagenic fog.
The neqoxec twists and deforms.
The cacodemon gestures at you. The bolt of energy hits you!
Eli's ghost points at you and mumbles some strange words.
The magic dart hits you but does no damage.
Your two-headed ogre completely misses Eli's ghost.
Your two-headed ogre misses Eli's ghost.
Okay, then.
You slash the cacodemon!
The cacodemon is heavily wounded.
You slash the komodo dragon! You hit Eli's ghost. The komodo dragon bites you!!
* * * LOW HITPOINT WARNING * * *
The cacodemon hits you.
* * * LOW HITPOINT WARNING * * *
You block the cacodemon's attack.
Eli's ghost hits you but does no damage.
You are electrocuted!!
You die...

..#...##...#.# #.########<....
#.#...# ...#.# #.......##'##..
..#...#*...#.######..#..#.#...#.#
..# ..##.. #..............#####..
#.#####.################### #..
#........#....#..#...§## #.#
.........#.#.#.#.#.#.§§# #.#
##......†'...§#..lk§.§§########..
#.......'†.#.§.@Wc3.!§#.........
#.......'....#.O23..§§###.......
#.......#.#.#.#.#Y#.§§# #.......
#.......#....#.§#...§####.......
...###..################.........
#......## ####...... ..[....#
#.##### .... ** #.##### .. ,,, ,*
#......


You could see a cacodemon, a komodo dragon shaped shifter, a yak shaped shifter,
2 neqoxecs, a swamp drake shaped shifter, a centaur shaped shifter, Eli's ghost
(ally target) and a friendly two-headed ogre (summoned, berserk).

Vanquished Creatures
  A quicksilver ooze (IceCv)
  An ettin (shapeshifter) (D:11)
  A boulder beetle (D:11)
  A centaur warrior (D:9)
  2 two-headed ogres (D:10)
  A glowing orange brain (D:11)
  4 ugly things
  Joseph (D:7)
  3 ice statues (IceCv)
  Maggie (D:10)
  2 kobold demonologists (D:11)
  A tengu conjurer (D:9)
  A troll (D:6)
  3 hornets
  12 slime creatures (IceCv)
  A wyvern (D:8)
  A wraith (D:10)
  7 yaks
  5 vampire mosquitoes (D:11)
  Edmund (D:6)
  A water moccasin (D:9)
  An orc warrior (D:8)
  An ice beast (D:6)
  2 sky beasts
  5 great orb of eyes simulacra (IceCv)
  3 ogres
  2 centaurs
  2 slime creature simulacra (IceCv)
  3 kobold brigands
  4 gnoll sergeants
  A bullfrog (D:8)
  5 glowing shapeshifter simulacra (IceCv)
  7 wights
  4 killer bees (D:10)
  4 howler monkeys
  8 hounds
  2 orc priests
  2 gnoll boudas (D:7)
  5 iguanas
  Natasha (thrice) (D:3)
  5 orc wizards
  2 sleepcaps
  3 shapeshifter simulacra (IceCv)
  A spriggan simulacrum (D:11)
  A troll simulacrum (D:11)
  25 gnolls
  6 adders
  A shadow imp (D:6)
  A worm (D:2)
  17 orcs
  8 ball pythons
  4 bats
  5 endoplasms
  11 goblins
  5 hobgoblins
  5 jackals
  20 kobolds
  3 quokkas (D:4)
  5 rats
243 creatures vanquished.

Vanquished Creatures (collateral kills)
  The ghost of superradish the Thrower, a novice DsBr of Uskayaw (D:9)
  A neqoxec (D:11)
  An orc warrior (D:9)
3 creatures vanquished.

Grand Total: 246 creatures vanquished

Notes
Turn   | Place    | Note
-------+----------+-------------------------------------------
     0 | D:1      | wingedge the Meteoran Berserker began the quest for the
                  | Orb.
     0 | D:1      | Reached XP level 1. HP: 19/19 MP: 2/2
   156 | D:1      | Reached XP level 2. HP: 23/26 MP: 3/3
   327 | D:1      | Reached skill level 1 in Throwing
   343 | D:1      | Reached XP level 3. HP: 31/31 MP: 4/4
   519 | D:2      | Reached skill level 4 in Axes
   581 | D:2      | Reached XP level 4. HP: 13/40 MP: 5/5
   684 | D:2      | Reached ** piety under Trog
   716 | D:2      | Found a stormy altar of Qazlal.
   950 | D:3      | Noticed Natasha
   966 | D:3      | Killed Natasha
   967 | D:3      | Reached XP level 5. HP: 46/46 MP: 6/6
  1129 | D:3      | Identified the +4 dagger "Hunop" {flame, rF+ Stlth+}
  1135 | D:3      | Noticed Natasha
  1146 | D:3      | Killed Natasha
  1147 | D:3      | Reached XP level 6. HP: 52/52 MP: 7/7
  1197 | D:3      | Noticed Natasha
  1205 | D:3      | Killed Natasha
  1369 | D:4      | Reached skill level 5 in Axes
  1423 | D:4      | Identified the +1 sling of the Undead {freeze, Fragile
                  | rPois rC+ Will++}
  1706 | D:5      | Entered Level 5 of the Dungeon
  1721 | D:5      | Reached skill level 1 in Short Blades
  1721 | D:5      | Reached XP level 7. HP: 51/60 MP: 8/8
  1782 | D:5      | Found a shadowy altar of Dithmenos.
  1935 | D:6      | Reached skill level 5 in Fighting
  2042 | D:5      | Reached *** piety under Trog
  2056 | D:5      | Noticed a yak
  2056 | D:5      | Noticed a yak
  2056 | D:5      | Noticed a yak
  2062 | D:5      | Killed a yak
  2063 | D:5      | Reached XP level 8. HP: 47/68 MP: 9/9
  2065 | D:5      | Killed a yak
  2066 | D:5      | Reached skill level 6 in Axes
  2066 | D:5      | Reached skill level 5 in Armour
  2066 | D:5      | Reached skill level 5 in Dodging
  2070 | D:5      | Killed a yak
  2160 | D:6      | Reached skill level 7 in Axes
  2160 | D:6      | Gained mutation: You passively map the area around you.
                  | [Meteoran growth]
  2160 | D:6      | Reached XP level 9. HP: 59/75 MP: 10/10
  2172 | D:6      | Noticed Edmund
  2189 | D:6      | Killed Edmund
  2283 | D:6      | Reached skill level 5 in Throwing
  2378 | D:6      | Noticed a troll
  2388 | D:6      | Killed a troll
  2389 | D:6      | Reached skill level 8 in Axes
  2481 | D:6      | You fall into a shaft and drop 1 floor!
  2498 | D:7      | Noticed Joseph
  2513 | D:7      | Killed Joseph
  2514 | D:7      | Reached skill level 9 in Axes
  2558 | D:7      | Found a staircase to the Ecumenical Temple.
  2569 | D:7      | Reached XP level 10. HP: 84/86 MP: 11/11
  2685 | D:7      | Found a broken altar of Ashenzari.
  2732 | D:7      | Reached skill level 10 in Axes
  2896 | D:8      | Reached **** piety under Trog
  3331 | D:9      | Found a runed translucent gate.
  3332 | D:9      | Found a runed translucent gate.
  3333 | D:9      | Found a runed translucent gate.
  3334 | D:9      | Found an opulent altar of Gozag.
  3334 | D:9      | Found Tuliofet's Assorted Antiques.
  3334 | D:9      | Noticed a centaur warrior
  3335 | D:9      | Noticed superradish's ghost (novice DsBr)
  3335 | D:9      | Noticed a purple ugly thing
  3336 | D:9      | Noticed a tengu conjurer
  3346 | D:9      | Killed a purple ugly thing
  3347 | D:9      | Reached skill level 11 in Axes
  3349 | D:9      | Killed a centaur warrior
  3350 | D:9      | Reached XP level 11. HP: 95/95 MP: 12/12
  3354 | D:9      | Killed superradish's ghost
  3369 | D:9      | Bought a vibrating jade ring for 130 gold pieces
  3369 | D:9      | Identified the ring of Wu Jian's Displeasure {EV+5 Dex+2}
                  | (You bought it in a shop on level 9 of the Dungeon)
  3369 | D:9      | Bought a glowing buckler for 195 gold pieces
  3624 | D:9      | Reached skill level 12 in Axes
  3767 | D:10     | Entered Level 10 of the Dungeon
  3902 | D:10     | Reached skill level 1 in Shields
  4098 | D:10     | Noticed a two-headed ogre
  4099 | D:10     | Noticed a two-headed ogre
  4110 | D:10     | Killed a two-headed ogre
  4119 | D:10     | Killed a two-headed ogre
  4215 | D:10     | Noticed Maggie
  4238 | D:10     | Killed Maggie
  4401 | D:11     | Noticed a rust devil
  4430 | D:11     | Reached XP level 12. HP: 100/104 MP: 13/13
  4517 | D:11     | Reached ***** piety under Trog
  4529 | D:11     | Found a frozen archway.
  4543 | IceCv    | Entered an ice cave
  4563 | IceCv    | Reached skill level 13 in Axes
  4641 | IceCv    | Noticed a quicksilver ooze
  4658 | IceCv    | Killed a quicksilver ooze
  4693 | IceCv    | Reached skill level 10 in Armour
  4964 | IceCv    | HP: 2/159 [something (8)]
  5023 | IceCv    | Glimpsed the power of Zot.
  5053 | IceCv    | Found a viscous altar of Jiyva.
  5053 | IceCv    | Noticed an azure jelly
  5056 | IceCv    | Noticed an azure jelly
  5067 | IceCv    | Got the ring of the Messenger {Contam rPois rF+ rC+ Dex+3}
  5095 | IceCv    | Glimpsed the power of Zot.
  5135 | IceCv    | Glimpsed the power of Zot.
  5256 | D:11     | Reached skill level 5 in Shields
  5547 | D:11     | Found a runed translucent gate.
  5547 | D:11     | Found a runed translucent gate.
  5547 | D:11     | Found a runed translucent gate.
  5548 | D:11     | Noticed a glowing orange brain
  5551 | D:11     | Noticed an anaconda
  5551 | D:11     | an anaconda changed into an ettin
  5551 | D:11     | Noticed an ettin (glowing shapeshifter)
  5554 | D:11     | an ettin changed into a boulder beetle
  5554 | D:11     | Noticed a boulder beetle (glowing shapeshifter)
  5560 | D:11     | Noticed a boulder beetle
  5562 | D:11     | a boulder beetle changed into an ettin
  5562 | D:11     | Noticed an ettin (glowing shapeshifter)
  5566 | D:11     | Killed a glowing orange brain
  5567 | D:11     | Reached skill level 10 in Fighting
  5567 | D:11     | Reached skill level 14 in Axes
  5569 | D:11     | Reached XP level 13. HP: 113/113 MP: 14/14
  5569 | D:11     | Killed an ettin
  5579 | D:11     | Killed a boulder beetle
  5580 | D:11     | Found a runed translucent gate.
  5580 | D:11     | Found a runed translucent gate.
  5586 | D:11     | Noticed Eli's ghost (journeyman TeCj)
  5591 | D:11     | Found a runed translucent gate.
  5591 | D:11     | Noticed a cacodemon
  5616 | D:11     | Slain by Eli's ghost

Illustrated notes

Levels and vault maps discovered:
D:1:      zelgadis_glass_arrival_small, layout_loops_corners,
          corexii_item_surrounded_by_moat, minmay_domino_4
D:2:      layout_basic, basic_altar
D:3:      layout_basic, minmay_misc_feat_doors, minmay_misc_feat_ornament,
          uniq_natasha
D:4:      layout_rooms, bh_walls_and_bars
D:5:      layout_gridville, mainiacjoe_overflow_chevrons,
          nicolae_hepliaklqana_monster_ancestors
D:6:      layout_gridville, kb_xom_exploding_sheep,
          nicolae_overflow_hallway_of_the_gods, uniq_edmund, uniq_eustachio,
          uniq_grinder
D:7:      layout_cave_pools, mainiacjoe_overflow_alcove_4,
          minmay_temple_entry_stoned_glass, uniq_joseph
D:8:      layout_basic, minivault_5
D:9:      layout_irregular_city, erik_lair_dragon, ebering_ghost_gozag
D:10:     layout_loops_corners, uniq_maggie
D:11:     layout_stronghold, ploomutoo_gammafunk_ghost_potion_laboratory,
          portal_ice_cave_entry_ice_simulacra, grunt_ministairs_10,
          minivault_25, st_stairs_1

Skill      XL: |  1  2  3  4  5  6  7  8  9 10 11 12 |
---------------+-------------------------------------+-----
Throwing       | 1 2 3 4 5 6 8 9 |  9.3
Axes           | 4 5 7 9 11 12 14 | 14.2
Armour         | 3 4 5 7 8 9 10 | 10.6
Dodging        | 3 4 5 7 |  7.6
Fighting       | 4 5 7 8 9 10 | 10.2
Short Blades   | 1 2 |  2.0
Shields        | 3 5 |  5.6

Action                     |  1- 3 |  4- 6 |  7- 9 | 10-12 | 13-15 || total
---------------------------+-------+-------+-------+-------+-------++-------
  Melee: Hand axe          |    51 |    45 |     7 |       |       ||   103
         Short sword       |    25 |    11 |    27 |       |       ||    63
         Punch             |       |     2 |     3 |     3 |       ||     8
         Dagger            |       |    83 |    33 |       |       ||   116
         Broad axe         |       |       |   131 |   434 |    18 ||   583
  Throw: Boomerang         |       |       |     4 |     3 |       ||     7
         Dart              |       |       |       |     4 |       ||     4
 Invoke: Berserk           |     2 |     2 |     2 |     8 |       ||    14
         Trog's Hand       |       |       |     1 |     8 |     1 ||    10
         Brothers in Arms  |       |       |       |     3 |     1 ||     4
  Evoke: Wand              |       |       |     5 |       |       ||     5
    Use: Scroll            |       |     4 |     7 |     9 |       ||    20
         Potion            |       |       |     1 |     3 |     1 ||     5
   Stab: Invisible         |       |       |     2 |       |       ||     2
         Distracted        |       |       |       |     1 |       ||     1
 Armour: Animal skin       |    16 |     3 |       |       |       ||    19
         Plate armour      |       |    60 |   121 |   238 |    12 ||   431
  Dodge: Dodged            |    35 |    42 |    79 |   192 |     4 ||   352
  Block: Other             |     6 |    22 |    49 |    38 |       ||   115
         Buckler           |       |       |       |   144 |     9 ||   153
         Reflection        |       |       |       |     9 |       ||     9
